 Dungeon Crawl Stone Soup version 0.19.1-1-g22dce08 (webtiles) character file.

175 Gargoyl the Skirmisher (level 5, -6/46 HPs)
             Began as a Ghoul Abyssal Knight on Jan 10, 2017.
             Was a Believer of Lugonu.
             Mangled by Sigmund
             ... wielding a +0 scythe
              (10 damage)
             ... on level 4 of the Dungeon.
             The game lasted 00:05:30 (2723 turns).

Gargoyl the Skirmisher (Ghoul Abyssal Knight)       Turns: 2723, Time: 00:05:31

Health: -6/46      AC:  9    Str: 16    XL:     5   Next: 55%
Magic:  5/6        EV:  7    Int:  7    God:    Lugonu [**....]
Gold:   175        SH:  0    Dex:  9    Spells: 0 memorised, 4 levels left

rFire  . . .     SeeInvis .     e - +0 broad axe
rCold  + . .     Gourm    .     m - +0 chain mail
rNeg   + + +     Faith    .     (no shield)
rPois  ∞         Spirit   .     (no helmet)
rElec  .         Reflect  .     (no cloak)
rCorr  .         Harm     .     (no gloves)
MR     .....                    (no boots)
Stlth  ..........               (no amulet)
                                (no ring)
                                (no ring)

@: confused, flying, rotting
A: rotting body, claws 1, carnivore 3, cold resistance 1, negative energy
resistance 3, slow regeneration 1, torment resistance, unbreathing
a: Depart the Abyss, Bend Space, Renounce Religion


You were on level 4 of the Dungeon.
You worshipped Lugonu.
Lugonu was pleased with you.
You were not hungry.

You visited 1 branch of the dungeon, and saw 4 of its levels.
You visited the Abyss 1 time.

You collected 175 gold pieces.

Inventory:

Hand Weapons
 a - a +1 hand axe
 e - a +0 broad axe (weapon)
Armour
 m - a +0 chain mail (worn)
Scrolls
 b - 2 scrolls of identify
 g - a scroll of enchant armour {unknown}
 h - 2 scrolls of immolation {unknown}
 i - a scroll of fog
 l - a scroll of magic mapping {unknown}
 n - a scroll of teleportation {unknown}
 o - a scroll of enchant weapon {unknown}
 q - 2 scrolls of remove curse {unknown}
Potions
 d - 2 potions of agility
 j - a potion of magic
Books
 f - a book of Transfigurations

   Spells                             Type                      Level
   a - Irradiate                      Conjuration/Transmutation    5
   b - Statue Form                    Transmutation/Earth          6
   c - Hydra Form                     Transmutation                6
   d - Dragon Form                    Transmutation                7
Comestibles
 c - 2 meat rations
 k - a royal jelly
 t - 3 beef jerkies


   Skills:
 + Level 3.8 Fighting
 + Level 3.2 Axes
 * Level 3.1 Armour
 + Level 1.1 Dodging
 * Level 3.1 Invocations


You had 4 spell levels left.
You didn't know any spells.

Dungeon Overview and Level Annotations

Branches:
Dungeon (4/15)
 Temple: D:4-7

Altars:
Qazlal

Shops:
D:4 %

Annotations:
D:3 fatfloppyjuicyveiny's ghost, amateur OpWz
D:4 Sigmund


Innate Abilities, Weirdness & Mutations

Your body is rotting away.
You thrive on raw meat.
You are immune to poison.
You have sharp fingernails.
You are carnivorous and can eat meat at any time.
Your flesh is cold resistant. (rC+)
You are immune to negative energy. (rN+++)
You regenerate slowly when monsters are visible.
You are immune to unholy pain and torment.
You can survive without breathing.


Message History

* * * LOW HITPOINT WARNING * * *
It was a potion of heal wounds.
You feel much better.
You bump into the rock wall.
You feel less confused. Something completely misses you.
Something hits you but does no damage. Something hits you!
* * * LOW HITPOINT WARNING * * *
It was a potion of cure mutation.
It has a very clean taste.
Something hits you.
* * * LOW HITPOINT WARNING * * *
Space bends around you!
You blink.
* * * LOW HITPOINT WARNING * * *
You are confused.
You bump into the rock wall.
You are more confused.
You're too confused!
You bump into the rock wall.
Something hits you but does no damage. Something hits you!
You die...

########
########......#
#........####@#
#.#####..# #{# #.
#.##..# ##.###### #.#
#.#..###..$....#
#..###........#.##...
#.#.#.#..........#
#.......#####.....#
####.#### ##...##
###.### #.##


There were no monsters in sight!

Vanquished Creatures
  A bullfrog skeleton (D:4)
  8 adders
  An ooze (D:1)
  2 worms (D:2)
  A dart slug (D:4)
  2 leopard geckos (D:2)
  2 orcs (D:3)
  4 giant cockroaches
  5 goblins
  4 hobgoblins
  5 jackals (D:1)
  A quokka (D:2)
  3 ball pythons
  6 bats
  4 frilled lizards
  7 kobolds
  A quokka skeleton (D:4)
  8 rats
65 creatures vanquished.

Notes
Turn   | Place    | Note
-------+----------+-------------------------------------------
     0 | Abyss:1  | Gargoyl the Ghoul Abyssal Knight began the quest for the Orb.
     0 | Abyss:1  | Reached XP level 1. HP: 19/19 MP: 1/1
   105 | Abyss:3  | Noticed a guardian serpent
   105 | D:1      | Escaped the Abyss
   187 | D:1      | Reached * piety under Lugonu
   187 | D:1      | Reached XP level 2. HP: 22/26 MP: 2/2
   191 | D:1      | Reached skill level 1 in Dodging
   474 | D:1      | Reached XP level 3. HP: 31/31 MP: 3/3
  1016 | D:2      | Reached XP level 4. HP: 39/39 MP: 5/5
  1082 | D:2      | Reached ** piety under Lugonu
  1262 | D:2      | Found a faded altar of an unknown god.
  1339 | D:2      | Found a stormy altar of Qazlal.
  1521 | D:3      | Reached XP level 5. HP: 18/46 MP: 6/6
  1770 | D:3      | Noticed fatfloppyjuicyveiny's ghost (amateur OpWz)
  1814 | D:3      | HP: 2/46 [fatfloppyjuicyveiny's ghost/magic dart (4)]
  2344 | D:4      | Found Ugargh's Food Emporium.
  2697 | D:4      | Noticed Sigmund
  2723 | D:4      | Mangled by Sigmund

Skill      XL: |  1  2  3  4  5 |
---------------+----------------+-----
Armour         | 2 3 |  3.1
Dodging        | 1 |  1.1
Axes           | 2 3 |  3.2
Invocations    | 3 |  3.1
Fighting       | |  3.8

Action                   |  1- 3 |  4- 6 || total
-------------------------+-------+-------++-------
Melee: Broad axe         |   100 |   131 ||   231
Invok: Depart the Abyss  |     1 |       ||     1
       Bend Space        |       |     2 ||     2
  Use: Scroll            |     5 |       ||     5
       Potion            |       |     6 ||     6
  Eat: Chunk             |    15 |    14 ||    29
Armor: Ring mail         |    10 |       ||    10
       Leather armour    |     1 |       ||     1
       Scale mail        |    57 |       ||    57
       Chain mail        |    26 |   131 ||   157
Dodge: Dodged            |    94 |    77 ||   171
